 Dungeon Crawl Stone Soup version 0.22-a0-409-gb855193 (webtiles) character file.

106411 KristoblXynda the Carver (level 15, -5/126 HPs)
             Began as a Grey Draconian Gladiator on May 10, 2018.
             Was a Believer of Uskayaw.
             Killed by divine providence
             ... invoked by an orc priest
              (8 damage)
             ... on level 2 of the Orcish Mines.
             The game lasted 01:04:39 (26514 turns).

KristoblXynda the Carver (DrGl)                    Turns: 26514, Time: 01:04:40

Health: -5/126     AC: 19    Str: 23    XL:     15   Next: 97%
Magic:  31/31      EV: 15    Int: 20    God:    Uskayaw [**....]
Gold:   2036       SH: 14    Dex: 10    Spells: 20/32 levels left

rFire    + . .     SeeInvis +   t - +6 scimitar (flame)
rCold    + . .     Gourm    .   x - +3 shield of the Tarantula {Str+6 Int+4 SInv}
rNeg     . . .     Faith    .   (armour unavailable)
rPois    +         Spirit   .   b - +1 hat
rElec    .         Reflect  .   C - +0 cloak
rCorr    .         Harm     .   I - +2 pair of gloves
MR       +....                  (no boots)
Stlth    +.........             g - amulet of regeneration
HPRegen  0.71/turn              n - ring of poison resistance
MPRegen  0.22/turn              H - ring of Lucyniud {rF+ rC+ Int+2 Dex-3 Slay+2}

@: slowed, studying Poison Magic, drained, very slow
A: walk through water, unfitting armour, hooves 1, horns 1, high mp 1,
unbreathing, cold-blooded, AC +14
a: Stomp, Line Pass, Renounce Religion


You were on level 2 of the Orcish Mines.
You worshipped Uskayaw.
Uskayaw was aware of your devotion.
You were not hungry.

You visited 4 branches of the dungeon, and saw 24 of its levels.
You visited the Abyss 1 time.
You also visited: Labyrinth.

You collected 2169 gold pieces.
You spent 133 gold pieces at shops.

Inventory:

Hand Weapons
 t - a +6 scimitar of flaming (weapon)
 Q - a +0 scimitar of holy wrath
Missiles
 c - 4 throwing nets (quivered)
Armour
 b - a +1 hat (worn)
 x - the +3 shield of the Tarantula (worn) {Str+6 Int+4 SInv}
   (You acquired it on level 4 of the Lair of Beasts)

   It affects your strength (+6).
   It affects your intelligence (+4).
   It lets you see invisible.
 C - a +0 cloak (worn)
 I - a +2 pair of gloves (worn)
Jewellery
 g - an amulet of regeneration (around neck)
 n - a ring of poison resistance (left hand)
 H - the ring of Lucyniud (right hand) {rF+ rC+ Int+2 Dex-3 Slay+2}
   (You found it in a labyrinth)

   [ring of protection from fire]

   It affects your intelligence (+2).
   It affects your dexterity (-3).
   It affects your accuracy and damage with ranged weapons and melee attacks
   (+2).
   It protects you from fire.
   It protects you from cold.
 R - a +3 ring of slaying
Wands
 m - a wand of acid (11)
 A - a wand of scattershot (4)
 J - a wand of disintegration (1)
 K - a wand of digging (6)
Scrolls
 f - 4 scrolls of amnesia
 k - 8 scrolls of teleportation
 r - a scroll of summoning
 s - 9 scrolls of remove curse
 v - a scroll of enchant armour
 y - 4 scrolls of identify
 B - 6 scrolls of blinking
 E - a scroll of immolation
 L - a scroll of silence
 M - 4 scrolls of magic mapping
 O - 3 scrolls of fog
Potions
 e - 5 potions of flight
 h - 2 potions of magic
 i - 4 potions of curing
 j - 6 potions of ambrosia
 l - 6 potions of haste
 o - 5 potions of agility
 p - a potion of lignification
 q - 3 potions of mutation
 w - 2 potions of resistance
 z - 6 potions of might
 D - 2 potions of brilliance
 P - a potion of cancellation
Books
 u - a manual of Poison Magic
Miscellaneous
 F - a fan of gales
 N - a lightning rod (2/4)
 S - a crystal ball of energy
Comestibles
 a - a chunk of flesh
 d - 41 rations


   Skills:
 - Level 10.0(9.9) Fighting
 - Level 14.0 Long Blades
 - Level 2.0(1.9) Throwing
 - Level 10.0(9.9) Dodging
 + Level 8.5 Shields
 + Level 9.2(9.1) Spellcasting
 + Level 7.5(7.4) Hexes
 + Level 2.1(2.0) Summonings
 + Level 11.4(11.3) Poison Magic
 - Level 10.0(9.9) Invocations
 - Level 10.0 Evocations


You had 20 spell levels left.
You knew the following spells:

 Your Spells              Type           Power        Failure   Level  Hunger
a - Cause Fear            Hex            #####.....   8%          4    ###....
b - Tukima's Dance        Hex            #####...     2%          3    None
c - Summon Mana Viper     Hex/Summ       ####....     56%         5    #####..


Dungeon Overview and Level Annotations

Branches:
Dungeon (15/15)            Temple (0/1) D:7            Lair (6/6) D:9
 Shoals (0/4) Lair:4        Snake (0/4) Lair:3        Slime (1/5) Lair:5
    Orc (2/2) D:11            Elf (0/3) Orc:2        Vaults (0/5) D:13
 Depths (0/5) D:15

Altars:
Ashenzari
Cheibriados
Gozag
Makhleb
Nemelex Xobeh
Trog
Uskayaw
Vehumet
Wu Jian

Shops:
D:12 (   D:13 (

Portals:
Trove: D:13 (give 18 scrolls of teleportation)

Annotations:
D:14 exclusion: Roxanne, Roxanne
Lair:6 exclusion: 2 oklob plants


Innate Abilities, Weirdness & Mutations

You can walk through water.
Your dull iron-grey scales are very hard. (AC +14)
You cannot fit into any form of body armour.
You can survive without breathing.
You are cold-blooded and may be slowed by cold attacks.
You have large cloven feet.
You have a pair of small horns on your head.
You have an increased reservoir of magic. (+10% MP)


Message History

The orc priest hits you with a dagger of venom.
The orc warrior misses you.
You riposte.
You slash the orc warrior! You burn the orc warrior.
You kill the orc warrior!
The orc knight roars a battlecry!
The orc warlord goes into a battle-frenzy!
You block the orc priest's attack.
The orc priest calls down the wrath of Beogh upon you.
Beogh smites you!
The orc priest hits you but does no damage.
An orc warrior comes into view. It is wielding a hand axe.
The orc priest hits you but does no damage.
The orc knight hits you with a long sword.
You block the orc knight's attack. The orc knight hits you!!
* * * LOW HITPOINT WARNING * * *
The orc knight hits you!
* * * LOW HITPOINT WARNING * * *
The orc priest invokes the aid of Beogh against you.
Beogh smites you!
You die...

...##.............#..............
....###..<........##...........#.
..................##......)..####
.................# #........##.##
.....#...........#####oo....)...#
.....##......)...##..o>.........#
.....#......)))..................
.......)...)).))..oo.))........[)
.....).()..#(##.@.oooo)..##......
.......(#####.#....o....####.....
#....(...# #####.....### ##....
#.......## ##....# ##.#.
###..<...# #.....# ###. #..##.##
#.##..## #.# ####### ## #### ##


You could see an orc warlord, 2 orc knights, an orc warrior, 2 orc priests and 4
orcs.

Vanquished Creatures
  Kirke (D:14)
  Louise (D:14)
  A stone giant (Orc:2)
  A minotaur (Lab)
  Snorg (D:10)
  2 vault guards (D:13)
  2 catoblepae (Lair:2)
  6 hydras
  Erica (D:10)
  The ghost of p0werm0de the Cleaver, a novice DDFi of Makhleb (D:9)
  5 centaur warriors
  6 two-headed ogres
  6 death yaks (Lair:5)
  An orc high priest (Orc:2)
  A deep elf knight (D:15)
  A sun demon (D:14)
  The ghost of zero the Arsonist, a novice GrFE of Vehumet (D:8)
  A shadow wraith (Abyss:3)
  2 unseen horrors
  3 starcursed masses (Abyss:3)
  An unseen horror (shapeshifter) (D:13)
  5 wizards
  2 necromancers
  2 orc knights (Orc:2)
  An anaconda skeleton (Abyss:3)
  6 orc sorcerers
  An ugly thing (D:11)
  2 wolf spiders
  2 wolf spider zombies
  A manticore (D:12)
  A merfolk siren (Lair:4)
  3 oklob plants
  15 elephants
  4 gargoyles (Lab)
  5 centaur zombies
  8 black mambas
  2 naga magi (D:15)
  5 centaur skeletons
  14 spiny frogs
  3 rime drakes (Lair:6)
  2 efreet (D:15)
  A redback zombie (D:14)
  5 komodo dragons
  A freezing wraith (Abyss:3)
  An ancient zyme (Abyss:3)
  2 queen bees
  2 tengu conjurers
  9 trolls
  11 polar bears (Lair:6)
  14 slime creatures
  16 blink frogs
  6 dream sheep (Lair:5)
  A large abomination (Abyss:3)
  8 raiju
  A redback (Lab)
  4 hippogriffs
  Sigmund (D:6)
  A centaur simulacrum (D:15)
  2 shadows (Lab)
  2 wraiths
  A ynoxinul (Abyss:3)
  41 yaks
  4 basilisks
  3 wyverns
  18 humans (D:13)
  2 vampire mosquitoes (D:13)
  2 humans (shapeshifter)
  8 hungry ghosts
  4 hogs (D:14)
  6 wargs (Lair:6)
  2 acid dragons (D:13)
  16 water moccasins
  11 porcupines
  13 hell hounds (Lair:6)
  12 black bears
  An ice beast (D:8)
  A sky beast (D:9)
  9 ogres
  26 orc warriors
  A necrophage (D:11)
  4 phantoms
  9 centaurs
  29 wolves
  6 crocodiles
  A big kobold (D:13)
  An earth elemental (Abyss:3)
  12 bullfrogs
  A wyvern zombie (D:11)
  3 small abominations (Abyss:3)
  A scorpion (D:9)
  13 wights
  46 killer bees
  4 electric eels (D:9)
  3 howler monkeys (D:13)
  9 crimson imps
  9 hounds
  5 jellies
  3 quasits
  23 orc priests
  27 orc wizards
  Ijyb (D:3)
  9 worker ants
  Jessica (D:3)
  2 bullfrog skeletons
  Natasha (thrice) (D:3)
  5 iguanas
  3 hound skeletons
  2 worker ant zombies
  17 adders
  4 shadow imps
  An ooze (D:4)
  An adder zombie (D:7)
  An adder skeleton (D:4)
  3 worms
  4 dart slugs
  4 leopard geckos
  85 orcs
  4 giant cockroaches
  5 hobgoblins
  8 jackals
  4 quokkas
  4 ball pythons
  6 bats
  6 frilled lizards
  7 goblins
  A jackal zombie (D:6)
  10 kobolds
  A quokka skeleton (D:8)
  4 rats
  A plant (Lair:6)
814 creatures vanquished.

Vanquished Creatures (others)
  A dancing weapon (Orc:2)
  A human (D:14)
  A hound (D:14)
  An orc priest (Orc:2)
  A rat (D:3)
  15 fungi
  19 plants
39 creatures vanquished.

Grand Total: 853 creatures vanquished

Notes
Turn   | Place    | Note
-------+----------+-------------------------------------------
     0 | D:1      | KristoblXynda the Draconian Gladiator began the quest for the Orb.
     0 | D:1      | Reached XP level 1. HP: 17/17 MP: 1/1
   140 | D:1      | Reached XP level 2. HP: 22/24 MP: 2/2
  1158 | D:2      | Reached XP level 3. HP: 23/29 MP: 3/3
  1277 | D:2      | Reached skill level 4 in Long Blades
  1317 | D:2      | Found a hide-covered altar of Uskayaw.
  1420 | D:2      | Became a worshipper of Uskayaw the Reveler
  1604 | D:2      | You fall through a shaft for 2 floors!
  1608 | D:4      | Reached * piety under Uskayaw
  1623 | D:4      | Reached ** piety under Uskayaw
  1626 | D:4      | Reached *** piety under Uskayaw
  1627 | D:4      | Reached XP level 4. HP: 25/36 MP: 4/4
  1627 | D:4      | Reached **** piety under Uskayaw
  1801 | D:3      | Noticed Ijyb
  1815 | D:3      | Killed Ijyb
  2076 | D:3      | Noticed Natasha
  2088 | D:3      | Killed Natasha
  2088 | D:3      | Reached skill level 5 in Long Blades
  2088 | D:3      | Reached XP level 5. HP: 34/41 MP: 5/5
  2116 | D:3      | Noticed Jessica
  2120 | D:3      | Killed Jessica
  2180 | D:3      | Noticed Natasha
  2188 | D:3      | Killed Natasha
  2290 | D:3      | Noticed Natasha
  2310 | D:3      | HP: 2/41 [crimson imp[Natasha] (2)]
  2315 | D:3      | Killed Natasha
  2825 | D:4      | Reached XP level 6. HP: 48/48 MP: 6/6
  2910 | D:4      | Reached skill level 6 in Long Blades
  3398 | D:4      | You fall through a shaft for 3 floors!
  3401 | D:7      | Found a sparkling altar of Nemelex Xobeh.
  3516 | D:7      | Reached skill level 1 in Invocations
  3678 | D:7      | Found a staircase to the Ecumenical Temple.
  3835 | D:7      | Your scales start taking on a dull iron-grey colour.
  3835 | D:7      | Reached XP level 7. HP: 47/55 MP: 6/8
  3835 | D:7      | Gained mutation: You can survive without breathing. [Grey Draconian growth]
  3887 | D:7      | Found an ornate altar of the Wu Jian Council.
  3991 | D:7      | Reached skill level 7 in Long Blades
  4383 | D:6      | Reached skill level 5 in Dodging
  4519 | D:6      | Noticed Sigmund
  4531 | D:6      | Killed Sigmund
  4531 | D:6      | Reached XP level 8. HP: 47/61 MP: 10/10
  4596 | D:6      | Found a shattered altar of Ashenzari.
  4707 | D:6      | Reached skill level 8 in Long Blades
  5034 | D:6      | Found a snail-covered altar of Cheibriados.
  5089 | D:5      | Entered Level 5 of the Dungeon
  6530 | D:8      | Reached skill level 9 in Long Blades
  6602 | D:8      | Noticed zero's ghost (novice GrFE)
  6631 | D:8      | Reached skill level 5 in Invocations
  6631 | D:8      | Reached skill level 1 in Evocations
  6635 | D:8      | Reached ***** piety under Uskayaw
  6645 | D:8      | Killed zero's ghost
  6645 | D:8      | Reached XP level 9. HP: 21/67 MP: 11/13
  6943 | D:8      | Found a bloodstained altar of Trog.
  7020 | D:8      | Noticed a queen bee
  7613 | D:8      | Killed a queen bee
  7928 | D:8      | Found a burning altar of Makhleb.
  8277 | D:9      | Reached skill level 10 in Long Blades
  8358 | D:9      | Reached XP level 10. HP: 63/73 MP: 15/15
  8362 | D:9      | Noticed p0werm0de's ghost (novice DDFi)
  8380 | D:9      | Gained mutation: Your flesh is heat resistant. (rF+) [potion of mutation]
  8380 | D:9      | Gained mutation: You have a beak for a mouth. [potion of mutation]
  8399 | D:9      | Killed p0werm0de's ghost
  8859 | D:9      | Found a staircase to the Lair.
  8984 | D:9      | Reached skill level 5 in Evocations
  9146 | D:9      | Reached ****** piety under Uskayaw
 10227 | D:10     | Entered Level 10 of the Dungeon
 10385 | D:10     | Noticed Erica
 10397 | D:10     | Noticed Snorg
 10401 | D:10     | Killed Erica
 10401 | D:10     | Reached XP level 11. HP: 33/84 MP: 17/17
 10401 | D:10     | Killed Snorg
 10524 | D:10     | Reached skill level 11 in Long Blades
 10706 | D:10     | Reached skill level 5 in Fighting
 11352 | D:11     | Found a staircase to the Orcish Mines.
 11367 | D:11     | Found a labyrinth entrance.
 11374 | Lab      | Entered a labyrinth
 12163 | Lab      | Noticed a minotaur
 12184 | Lab      | HP: 3/133 [minotaur (19)]
 12186 | Lab      | Killed a minotaur
 12308 | Lab      | Got a bound copper ring
 12314 | Lab      | Identified the ring of Lucyniud {rF+ rC+ Int+2 Dex-3 Slay+2} (You found it in a labyrinth)
 12735 | D:11     | Reached XP level 12. HP: 90/97 MP: 19/19
 12819 | D:11     | Noticed a two-headed ogre
 12825 | D:11     | Killed a two-headed ogre
 13192 | D:12     | Learned a level 4 spell: Cause Fear
 13234 | D:12     | Noticed a five-headed hydra
 13240 | D:12     | Killed a two-headed hydra
 13240 | D:12     | Reached skill level 10 in Invocations
 13272 | D:12     | Noticed a two-headed ogre
 13278 | D:12     | Killed a two-headed ogre
 13292 | D:12     | Found Eguarho's Antique Weapon Boutique.
 13314 | D:12     | Bought a runed scimitar for 133 gold pieces
 13323 | D:12     | Found an opulent altar of Gozag.
 13466 | D:12     | Reached skill level 12 in Long Blades
 13775 | D:13     | Noticed a centaur warrior
 13858 | Lair:1   | Entered Level 1 of the Lair of Beasts
 13859 | Lair:1   | Lost mutation: Your flesh is heat resistant. (rF+) [potion of mutation]
 13859 | Lair:1   | Lost mutation: You have a beak for a mouth. [potion of mutation]
 13859 | Lair:1   | Gained mutation: You have large cloven feet. [potion of mutation]
 13859 | Lair:1   | Gained mutation: You have a pair of small horns on your head. [potion of mutation]
 13859 | Lair:1   | Gained mutation: You have an increased reservoir of magic. (+10% MP) [potion of mutation]
 13972 | Lair:1   | Reached skill level 10 in Dodging
 14121 | Lair:1   | Reached skill level 1 in Spellcasting
 14669 | Lair:2   | Noticed a seven-headed hydra
 14678 | Lair:2   | Killed a one-headed hydra
 14694 | Lair:2   | Noticed a catoblepas
 14874 | Lair:2   | Killed a catoblepas
 14952 | Lair:2   | Reached XP level 13. HP: 103/108 MP: 22/22
 16095 | Lair:3   | Found a staircase to the Snake Pit.
 16607 | Lair:3   | Found a burning altar of Makhleb.
 16918 | Lair:4   | Identified a scroll of acquirement
 16921 | Lair:4   | Got a scorched shield
 17110 | Lair:4   | Reached skill level 13 in Long Blades
 17197 | Lair:4   | Reached skill level 10 in Evocations
 17307 | Lair:4   | Reached skill level 1 in Shields
 17325 | Lair:4   | Reached skill level 10 in Fighting
 17499 | Lair:4   | Reached skill level 5 in Spellcasting
 17737 | Lair:4   | Found a staircase to the Shoals.
 17761 | Lair:4   | Reached skill level 1 in Poison Magic
 18262 | Lair:5   | Reached skill level 1 in Hexes
 18269 | Lair:5   | Learned a level 3 spell: Tukima's Dance
 18275 | Lair:5   | Learned a level 5 spell: Summon Mana Viper
 18580 | Lair:5   | Reached XP level 14. HP: 96/121 MP: 24/24
 18771 | Lair:5   | Found a staircase to the Slime Pits.
 19162 | Slime:1  | Entered Level 1 of the Pits of Slime
 19340 | Lair:6   | Entered Level 6 of the Lair of Beasts
 19341 | Lair:6   | Identified the +3 shield of the Tarantula {Str+6 Int+4 SInv} (You acquired it on level 4 of the Lair of Beasts)
 19645 | Lair:6   | Reached skill level 5 in Poison Magic
 20018 | Lair:6   | Reached skill level 5 in Shields
 20693 | Lair:6   | Reached skill level 14 in Long Blades
 21389 | D:13     | Found a portal to a secret trove of treasure.
 21434 | D:13     | Found Weuv's Weapon Emporium.
 21557 | D:13     | Reached skill level 5 in Hexes
 21609 | D:13     | Found a gate to the Vaults.
 21620 | D:13     | Reached XP level 15. HP: 79/126 MP: 28/28
 22607 | D:14     | Noticed Roxanne
 22696 | D:14     | Noticed Louise
 22699 | D:14     | Cast into level 3 of the Abyss (Louise)
 22978 | Abyss:3  | Noticed a hellephant
 23127 | D:14     | Escaped the Abyss
 23358 | D:14     | Noticed Kirke
 23382 | D:14     | Killed Kirke
 23569 | D:14     | Reached skill level 10 in Poison Magic
 23697 | D:15     | Entered Level 15 of the Dungeon
 23813 | D:15     | Found a staircase to the Depths.
 24876 | D:14     | Killed Louise
 25308 | Orc:1    | Entered Level 1 of the Orcish Mines
 25309 | Orc:1    | Found a radiant altar of Vehumet.
 25516 | Orc:1    | Identified Ised's Almanac of Dislocated Feathers
 25553 | Orc:2    | Entered Level 2 of the Orcish Mines
 26039 | Orc:2    | Reached skill level 1 in Summonings
 26306 | Orc:2    | Found a staircase to the Elven Halls.
 26505 | Orc:2    | Noticed an orc warlord
 26513 | Orc:2    | HP: 2/126 [orc knight (17)]
 26514 | Orc:2    | Killed from afar by an orc priest

Vault maps used:
D:1:      minmay_arrival_statue_studded
D:2:      lemuel_doored_altar
D:3:      kennysheep_generic_room_14, uniq_natasha, uniq_ijyb, uniq_jessica
D:5:      first_ration, minmay_parallelograms, hex_tiny, st_stairs_8
D:6:      cheibrodos_ashenzari_chains, slow_altar_2, uniq_sigmund
D:7:      nemelex_xobeh_ov_fountains_minmay, kennysheep_mini_moat,
          minmay_temple_entry_statues
D:8:      makhleb_heckhound_becter, old_standard_altar, david_nohive_1
D:9:      erik_lair_island
D:10:     special_room, uniq_snorg, uniq_erica
D:11:     david_orc_2, lab_entry_generic
D:12:     serial_shops, nicolae_shop_overgrown_old_shop, minmay_holes,
          minmay_fountain_box, minivault_27, grunt_gozag_statues
D:13:     grunt_vaults_entry_tiered, nicolae_trove_entry_columns, serial_shops,
          shop_statue
D:14:     minivault_26, uniq_louise, uniq_roxanne, uniq_kirke
D:15:     grunt_enter_depths_magical_seal
Lair:2:   grunt_megastairs_1
Lair:3:   minmay_snake_entry_six_corridors, basic_altar
Lair:4:   minmay_shoals_entry_lonely_mermaid
Lair:5:   minmay_slime_entry_oklob_enclosed, infiniplex_staircase_pool_2
Lair:6:   hangedman_lair_caniforms_friends, minmay_lair_oklob_chamber
Slime:1:  nicolae_slime_phagocytosis
Orc:1:    basic_altar, mines4_lemuel
Orc:2:    st_orc_congregation
Abyss:3:  hangedman_abyss_sting,
          evilmike_nicolae_abyss_rune_betentacled_crabyss, evilmike_abyss_exit_2
Lab:      nicolae_lab_do_over, nicolae_lab_hexagon, nicolae_lab_stuck,
          labyrinth_fake_exit, nicolae_lab_x, nicolae_lab_grate,
          nicolae_lab_quarters, lab_fountain

Skill      XL: |  1  2  3  4  5  6  7  8  9 10 11 12 13 14 15 |
---------------+----------------------------------------------+-----
Throwing       | 2 |  2.0
Dodging        | 3 4 5 6 7 8 9 10 | 10.0
Long Blades    | 4 5 6 7 9 10 11 12 13 14 | 14.0
Invocations    | 1 3 5 6 8 9 10 | 10.0
Evocations     | 2 4 6 7 9 10 | 10.0
Fighting       | 4 6 8 10 | 10.0
Spellcasting   | 2 5 7 9 |  9.2
Shields        | 3 6 8 |  8.5
Poison Magic   | 3 8 11 | 11.4
Hexes          | 2 5 7 |  7.5
Summonings     | 2 |  2.1

Action                   |  1- 3 |  4- 6 |  7- 9 | 10-12 | 13-15 || total
-------------------------+-------+-------+-------+-------+-------++-------
Melee: Long sword        |    90 |   174 |       |   255 |       ||   519
       Tailslap          |     8 |    27 |    48 |   127 |   194 ||   404
       Falchion          |       |     8 |   414 |   265 |       ||   687
       Peck              |       |       |       |   129 |       ||   129
       Scimitar          |       |       |       |   274 |  1183 ||  1457
       Kick              |       |       |       |    46 |   420 ||   466
       Headbutt          |       |       |       |    29 |   241 ||   270
Throw: Throwing net      |       |     2 |       |       |       ||     2
 Cast: Tukima's Dance    |       |       |       |       |     1 ||     1
Evoke: Wand              |       |       |       |    17 |    24 ||    41
       Lightning rod     |       |       |       |       |     7 ||     7
  Use: Potion            |       |     2 |     6 |     7 |     5 ||    20
       Scroll            |       |     6 |    11 |    13 |    15 ||    45
 Stab: Sleeping          |     1 |     3 |     1 |     1 |       ||     6
       Paralysed         |     1 |       |    12 |    57 |    99 ||   169
       Petrified         |       |       |       |     3 |       ||     3
  Eat: Chunk             |     2 |     6 |     5 |    15 |    15 ||    43
       Ration            |       |     1 |     3 |     6 |     6 ||    16
Armor: Skin              |    32 |    51 |   131 |   235 |   355 ||   804
Dodge: Dodged            |    56 |   147 |   282 |   567 |   563 ||  1615
Block: Shield            |       |       |       |       |   537 ||   537
       Rpst.: Long sword |    19 |    38 |       |    69 |       ||   126
       Falchion          |       |     2 |    91 |    40 |       ||   133
       Scimitar          |       |       |       |    57 |   164 ||   221

Table legend:
 A = Spawn XP
 B = Non-spawn XP
 C = Spawn XP percentage of total XP
 D = Spawn monster count
 E = Non-spawn monster count
 F = Spawn count percentage of total count
 G = Total turns spent on level
                    A         B        C        D         E        F      G
               +---------+---------+-------+---------+---------+-------+---------
         Total |    3827 |  148190 |   2.5 |      12 |     801 |   1.5 | 26514
               +---------+---------+-------+---------+---------+-------+---------
           D:1 |       0 |      29 |   0.0 |       0 |      18 |   0.0 |  1069
           D:2 |       0 |      39 |   0.0 |       0 |      13 |   0.0 |   537
           D:3 |       0 |     246 |   0.0 |       0 |      35 |   0.0 |  1167
           D:4 |       0 |     265 |   0.0 |       0 |      21 |   0.0 |   679
           D:5 |       0 |     225 |   0.0 |       0 |       7 |   0.0 |   760
           D:6 |       0 |     731 |   0.0 |       0 |      15 |   0.0 |   894
           D:7 |       0 |     592 |   0.0 |       0 |      10 |   0.0 |  1313
           D:8 |       0 |    2963 |   0.0 |       0 |      30 |   0.0 |  2023
           D:9 |       0 |    4952 |   0.0 |       0 |      57 |   0.0 |  1856
          D:10 |       0 |    6411 |   0.0 |       0 |      52 |   0.0 |  1120
          D:11 |       0 |    3331 |   0.0 |       0 |      36 |   0.0 |   862
          D:12 |       0 |    4928 |   0.0 |       0 |      13 |   0.0 |   722
          D:13 |       0 |   17201 |   0.0 |       0 |      69 |   0.0 |  1397
          D:14 |     793 |   10702 |   6.9 |       1 |      21 |   4.5 |  1166
          D:15 |       0 |   12439 |   0.0 |       0 |      31 |   0.0 |  1090
        Lair:1 |       0 |    5112 |   0.0 |       0 |      22 |   0.0 |   752
        Lair:2 |       0 |    7035 |   0.0 |       0 |      28 |   0.0 |  1465
        Lair:3 |       0 |    7135 |   0.0 |       0 |      37 |   0.0 |   915
        Lair:4 |       0 |    8158 |   0.0 |       0 |      27 |   0.0 |  1218
        Lair:5 |       0 |    9030 |   0.0 |       0 |      20 |   0.0 |  1121
        Lair:6 |       0 |   25613 |   0.0 |       0 |      97 |   0.0 |  1677
       Slime:1 |       0 |    1064 |   0.0 |       0 |       4 |   0.0 |   132
         Orc:1 |       0 |    1745 |   0.0 |       0 |      29 |   0.0 |   664
         Orc:2 |       0 |   11134 |   0.0 |       0 |      86 |   0.0 |   542
       Abyss:3 |    3034 |    2718 |  52.7 |      11 |       9 |  55.0 |   428
           Lab |       0 |    4392 |   0.0 |       0 |      14 |   0.0 |   945
               +---------+---------+-------+---------+---------+-------+---------
